 Dungeon Crawl Stone Soup version 0.21-a0-153-g78480df (webtiles) character file.

1465 terra52 the Covered (level 9, -2/69 HPs)
             Began as a Formicid Fighter on Aug 1, 2017.
             Killed from afar by an orc wizard (12 damage)
             ... with a puff of flame
             ... on level 6 of the Dungeon.
             The game lasted 00:13:51 (5834 turns).

terra52 the Covered (Formicid Fighter)              Turns: 5834, Time: 00:13:52

Health: -2/69      AC: 14    Str: 21    XL:     9   Next: 5%
Magic:  9/9        EV: 12    Int:  8    God:
Gold:   330        SH: 11    Dex: 13    Spells: 8/8 levels left

rFire    . . .     SeeInvis +   e - +2 rapier (venom)
rCold    . . .     Gourm    .   c - +0 shield
rNeg     + . .     Faith    +   x - +4 scale mail
rPois    .         Spirit   .   (helmet unavailable)
rElec    .         Reflect  .   l - +1 cloak
rCorr    .         Harm     .   (no gloves)
MR       .....                  (no boots)
Stlth    ..........             z - amulet of faith
HPRegen  0.21/turn              k - ring of positive energy
MPRegen  0.11/turn              A - +2 ring of evasion

@: no status effects
A: permanent stasis, dig shafts and tunnels, four strong arms, antennae 3
a: Dig, Shaft Self


You were on level 6 of the Dungeon.
You were not hungry.

You visited 2 branches of the dungeon, and saw 7 of its levels.

You collected 330 gold pieces.

Inventory:

Hand Weapons
 a - a +0 long sword
 e - a +2 rapier of venom (weapon)
 o - a +2 mace of holy wrath
 u - a +0 dagger of draining
 H - a +2 short sword of speed
 M - a +0 morningstar of crushing
Missiles
 F - 15 bolts
 K - 3 tomahawks (quivered)
Armour
 b - a +0 scale mail
 c - a +0 shield (worn)
 l - a +1 cloak (worn)
 t - a +0 chain mail
 x - a +4 scale mail (worn)
 C - a +0 leather armour of fire resistance
Jewellery
 k - a ring of positive energy (left hand)
 w - an uncursed ring of wizardry
 z - an amulet of faith (around neck)
 A - a +2 ring of evasion (right hand)
Wands
 v - a wand of random effects (17/48)
Scrolls
 d - a scroll of immolation {unknown}
 h - 8 scrolls of identify {unknown}
 i - 3 scrolls of teleportation {unknown}
 j - 5 scrolls of remove curse {unknown}
 n - a scroll of enchant weapon {unknown}
 p - 5 scrolls of amnesia {unknown}
 y - 2 scrolls of blinking {unknown}
 E - a scroll of recharging {unknown}
 J - 3 scrolls of random uselessness {unknown}
Potions
 g - a potion of mutation {unknown}
 m - 2 potions of haste
 q - a potion of cancellation {unknown}
 B - a potion of heal wounds
 I - a potion of curing
 N - a potion of ambrosia {unknown}
Books
 G - a Young Poisoner's Handbook

   Spells                             Type                      Level
   a - Sting                          Conjuration/Poison           1
   b - Poisonous Vapours              Poison/Air                   2
   c - Mephitic Cloud                 Conjuration/Poison/Air       3
   d - Olgreb's Toxic Radiance        Poison                       4
   e - Venom Bolt                     Conjuration/Poison           5
 L - a book of Cantrips

   Spells                             Type                      Level
   a - Confusing Touch                Hexes                        1
   b - Animate Skeleton               Necromancy                   1
   c - Summon Small Mammal            Summoning                    1
   d - Apportation                    Translocation                1
Comestibles
 f - 5 bread rations
 r - a chunk of flesh
 s - 5 meat rations
 D - a royal jelly
 O - 4 fruits


   Skills:
 * Level 6.1 Fighting
 + Level 5.3 Long Blades
 + Level 0.6 Throwing
 * Level 6.8 Armour
 + Level 1.8 Dodging
 + Level 1.6 Stealth
 + Level 6.8 Shields
 + Level 0.9 Evocations


You had 8 spell levels left.
You didn't know any spells.

Dungeon Overview and Level Annotations

Branches:
Dungeon (6/15)             Temple (1/1) D:4

Altars:
Ashenzari
Cheibriados
Dithmenos
Elyvilon
Fedhas
Kikubaaqudgha
Makhleb
Nemelex Xobeh
Okawaru
Qazlal
Ru
Sif Muna
Trog
Vehumet
Wu Jian
Yredelemnul

Shops:
D:6 ?

Annotations:
D:3 exclusion: oklob plant


Innate Abilities, Weirdness & Mutations

You cannot be hasted, slowed, berserked, paralysed or teleported.
You can dig through walls and to a lower floor.
Your four strong arms can wield two-handed weapons with a shield.
You have a pair of large antennae on your head. (SInv)


Message History

You feel much better.
The orc priest calls down the wrath of Beogh upon you.
Beogh smites you!
The orc priest calls down the wrath of Beogh upon you.
Beogh smites you!
* * * LOW HITPOINT WARNING * * *
The orc wizard begins to cast a cantrip, but forgets the words!
The orc wizard points at you and mumbles some strange words.
The puff of flame hits the orc wizard.
The orc wizard points at you and mumbles some strange words.
The puff of flame misses you.
Found 9 poisoned needles.
The orc wizard looks satisfied for a moment.
The orc priest looks braver for a moment.
You extend your mandibles.
You dig through the rock wall.
You retract your mandibles.
You block the orc wizard's attack. The orc wizard casts a spell at you.
The puff of flame hits you!
You die...

#...... ############.....
.............8.#
.........o...#
...........o.############
.......o......#....##.#.#
.......#######o.###...#.#
.......#......#.###.###.#
.......#.≈≈≈≈.'.@......>#
.......#......#.###.#####
.##..##########.# #.#
.###...#....#...###.# .#
#.#.#..#<..#.#...# .#
#......#.###.#.### .#
#..##..#.....#.# .#
#...#..##...##.# ##
#.#.#...'...##.#


You could see an orc priest and 2 orc wizards.

Vanquished Creatures
  The ghost of AverageBear the Ducker, a novice DEFi of Ashenzari (D:5)
  Menkaure (D:4)
  Duvessa (D:4)
  An orc warrior (D:5)
  A necrophage (D:5)
  An ogre (D:4)
  Dowan (D:4)
  A bullfrog zombie (D:5)
  3 hounds
  A jelly (D:6)
  An iguana (D:5)
  Jessica (D:2)
  7 orc wizards
  3 worker ants
  A hound zombie (D:5)
  7 adders
  3 gnolls (D:6)
  A shadow imp (D:6)
  An adder skeleton (D:6)
  3 worms
  3 dart slugs
  3 leopard geckos
  21 orcs
  3 giant cockroaches
  6 goblins
  9 hobgoblins
  8 jackals
  6 bats
  8 frilled lizards
  A jackal skeleton (D:4)
  9 kobolds
  A leopard gecko skeleton (D:5)
  A quokka skeleton (D:5)
  A quokka zombie (D:5)
  5 rats
125 creatures vanquished.

Notes
Turn   | Place    | Note
-------+----------+-------------------------------------------
     0 | D:1      | terra52 the Formicid Fighter began the quest for the Orb.
     0 | D:1      | Reached XP level 1. HP: 18/18 MP: 1/1
   226 | D:1      | Reached XP level 2. HP: 22/24 MP: 2/2
   690 | D:1      | Reached XP level 3. HP: 29/29 MP: 3/3
   766 | D:1      | Found a bloodstained altar of Trog.
  1385 | D:2      | Reached XP level 4. HP: 32/35 MP: 4/4
  1701 | D:2      | Reached skill level 1 in Stealth
  1752 | D:2      | Noticed Jessica
  1756 | D:2      | Killed Jessica
  1771 | D:2      | Reached XP level 5. HP: 41/42 MP: 5/5
  2368 | D:3      | Found a blossoming altar of Fedhas.
  2378 | D:3      | Noticed an oklob plant
  2856 | D:4      | Noticed an ogre
  2863 | D:4      | Killed an ogre
  2863 | D:4      | Reached skill level 1 in Dodging
  2863 | D:4      | Reached skill level 5 in Shields
  2863 | D:4      | Reached XP level 6. HP: 32/48 MP: 6/6
  3087 | D:4      | Found a staircase to the Ecumenical Temple.
  3097 | Temple   | Entered the Ecumenical Temple
  3719 | D:4      | Noticed Menkaure
  3723 | D:4      | Killed Menkaure
  3723 | D:4      | Reached XP level 7. HP: 54/54 MP: 7/7
  3905 | D:5      | Entered Level 5 of the Dungeon
  3906 | D:5      | Noticed Duvessa
  3907 | D:5      | Noticed Dowan
  3945 | D:4      | Killed Duvessa
  3950 | D:4      | Killed Dowan
  3950 | D:4      | Reached skill level 5 in Long Blades
  4429 | D:5      | Noticed AverageBear's ghost (novice DEFi)
  4460 | D:5      | Killed AverageBear's ghost
  4460 | D:5      | Reached skill level 5 in Fighting
  4460 | D:5      | Reached skill level 5 in Armour
  4460 | D:5      | Reached XP level 8. HP: 51/62 MP: 8/8
  5568 | D:6      | Found Giafatt's Magic Scroll Boutique.
  5573 | D:6      | Reached XP level 9. HP: 69/69 MP: 9/9
  5834 | D:6      | Killed from afar by an orc wizard

Vault maps used:
D:1:      dpeg_arrival_water_altar
D:2:      uniq_jessica
D:3:      cheibrodos_helix_gallery, first_bread, tgw_fedhas
D:4:      temple_hall, uniq_menkaure
D:5:      st_stairs_10, serial_bayou_pond_e, kennysheep_generic_room_9,
          uniq_duvessa
D:6:      nicolae_overflow_crystal_walls, gammafunk_temple_overflow_pools,
          minitemple, serial_shops, shop, dk_vineyard_2
Temple:   eino_temple_rhombus

Skill      XL: |  1  2  3  4  5  6  7  8 |
---------------+-------------------------+-----
Shields        | 4 5 6 |  6.8
Stealth        | 1 |  1.6
Long Blades    | 3 4 5 |  5.3
Fighting       | 4 5 6 |  6.1
Armour         | 4 5 6 |  6.8
Dodging        | 1 |  1.8
Throwing       | |  0.6
Evocations     | |  0.9

Action                   |  1- 3 |  4- 6 |  7- 9 || total
-------------------------+-------+-------+-------++-------
Melee: Long sword        |   124 |   123 |    25 ||   272
       Rapier            |       |       |   102 ||   102
       Short sword       |       |       |    75 ||    75
Throw: Tomahawk          |       |     3 |     3 ||     6
 Abil: Dig               |       |       |     1 ||     1
Evoke: Wand              |       |       |     4 ||     4
  Use: Potion            |       |     1 |     4 ||     5
  Eat: Chunk             |     2 |     7 |     7 ||    16
Armor: Scale mail        |    63 |    48 |    76 ||   187
       Chain mail        |       |    13 |       ||    13
Dodge: Dodged            |    35 |    46 |    67 ||   148
Block: Shield            |    68 |    64 |    98 ||   230
       Rpst.: Long sword |    10 |    15 |     9 ||    34
